Panthers vs Red Wings

Created - april 2 2011 at 00:05

Goals
1 2 3 OT1 SO T
Panthers 0 1 1 0 0 2
Red Wings 1 1 0 0 1 3
Shots
1 2 3 OT1 SO T
Panthers 6 15 9 3 7 33
Red Wings 8 11 10 5 7 34

Period #1

1. Red Wings , Milan Michalek 39 (Matt Duchene, Phil Kessel) at 13:33 (PP)

Penalties :
Marc Methot (FLA) for Interference (Minor) at 9:42, Roman Polak (FLA) for Tripping (Minor) at 12:45, Roman Polak (FLA) for Interference (Minor) at 14:00, Roman Polak (FLA) for Hooking (Minor) at 18:45

Period #2

2. Panthers , David Booth 21 (Roman Polak) at 12:55
3. Red Wings , Matt Duchene 23 (Phil Kessel) at 17:28 (PP)

Penalties :
Brooks Orpik (FLA) for Hooking (Minor) at 3:19, Alexander Ovechkin (FLA) for Holding (Minor) at 8:50, Jarkko Ruutu (FLA) for Hooking (Minor) at 16:50

Period #3

4. Panthers , David Booth 22 (Mike Modano, Roman Polak) at 5:57

Penalties :
Mike Komisarek (DET) for Interference (Minor) at 6:24, John-Michael Liles (DET) for Tripping (Minor) at 14:14, Marc Methot (FLA) for Holding (Minor) at 17:30

Overtime #1

No Goal

Penalties :
No Penalty

Shootout

Penalty Shot by Alexander Ovechkin for Panthers - Shot Misses the Net
Penalty Shot by Phil Kessel for Red Wings - Shot Misses the Net
Penalty Shot by Peter Mueller for Panthers - Stopped by Craig Andersson
Penalty Shot by Matt Duchene for Red Wings - Stopped by Roberto Luongo
Penalty Shot by David Booth for Panthers - Shot Misses the Net
Penalty Shot by Joe Pavelski for Red Wings - Stopped by Roberto Luongo
Penalty Shot by Jonathan Toews for Panthers - Stopped by Craig Andersson
Penalty Shot by Milan Michalek for Red Wings - Shot Misses the Net
Penalty Shot by Mark Recchi for Panthers - Stopped by Craig Andersson
Penalty Shot by Nikolai Zherdev for Red Wings - Shot Misses the Net
Penalty Shot by Michael Ryder for Panthers - Shot Misses the Net
Penalty Shot by Jamie Benn for Red Wings - Stopped by Roberto Luongo
Penalty Shot by Mike Modano for Panthers - Stopped by Craig Andersson
Penalty Shot by Steve Downie for Red Wings - Goal!

Penalties :
No Penalty

Goalie Stats

Roberto Luongo (FLA), 32 saves from 34 shots - (0,941), OTL, 39-23-7, 65:00 minutes
Craig Andersson (DET), 31 saves from 33 shots - (0,939), W, 42-18-6, 65:00 minutes

Players Stats

Panthers
Player Name              G  A  P  +/- PIM S  H  SB FO    MP 
------------------------------------------------------------
Alexander Ovechkin       0  0  0   0  2   5  4  0  0/0   18 
Brooks Orpik             0  0  0   0  2   1  5  1  0/0   22 
Byron Bitz               0  0  0   0  0   1  0  0  0/0   6  
David Booth              2  0  2   2  0   5  1  0  0/0   19 
David Hale               0  0  0   0  0   0  0  1  0/0   11 
Fedor Tyutin             0  0  0   2  0   1  1  0  0/0   26 
Jarkko Ruutu             0  0  0   0  2   1  1  0  0/2   12 
Jarret Stoll             0  0  0   0  0   4  0  0  13/23 17 
Jonathan Toews           0  0  0   0  0   4  1  0  12/22 17 
Marc Methot              0  0  0   0  4   1  3  5  0/0   22 
Mark Recchi              0  0  0   0  0   1  0  1  0/0   15 
Matt Cooke               0  0  0   0  0   2  1  0  1/1   19 
Michael Ryder            0  0  0   0  0   3  0  0  0/0   11 
Mike Modano              0  1  1   2  0   2  0  0  10/21 18 
Nate Thompson            0  0  0   0  0   0  1  0  9/20  14 
Peter Mueller            0  0  0   2  0   2  1  0  0/0   17 
Roman Polak              0  2  2   2  6   0  1  0  0/0   20 
Ryan Suter               0  0  0   0  0   0  1  2  0/0   24 
Red Wings
Player Name              G  A  P  +/- PIM S  H  SB FO    MP 
------------------------------------------------------------
Erik Johnson             0  0  0   0  0   1  1  1  0/0   22 
Jamie Benn               0  0  0   0  0   2  1  0  0/0   20 
Joe Pavelski             0  0  0  -1  0   7  0  0  13/24 22 
John Madden              0  0  0   0  0   1  0  0  5/10  7  
John Oduya               0  0  0  -1  0   0  2  1  0/0   16 
John-Michael Liles       0  0  0  -1  2   2  0  1  0/0   21 
Kyle Wellwood            0  0  0   0  0   0  0  0  7/15  15 
Mathieu Schneider        0  0  0   0  0   3  0  0  0/0   14 
Matt Duchene             1  1  2  -1  0   4  1  0  16/30 21 
Mike Komisarek           0  0  0   0  2   1  0  1  0/0   16 
Milan Michalek           1  0  1  -1  0   3  3  0  0/3   26 
Nikolai Zherdev          0  0  0  -1  0   1  0  0  0/2   17 
Paul Martin              0  0  0  -2  0   3  2  0  0/0   26 
Phil Kessel              0  2  2  -1  0   3  1  0  2/2   21 
Ray Whitney              0  0  0  -1  0   1  0  0  1/2   16 
Robyn Regehr             0  0  0   0  0   0  2  2  0/0   15 
Steve Downie             0  0  0   0  0   2  1  0  0/1   15 
Stéphane Veilleux        0  0  0   0  0   0  1  0  0/0   7  

3 Stars

1 - David Booth (FLA)
2 - Matt Duchene (DET)
3 - Roberto Luongo (FLA)

Power Play

Panthers - 0 on 2 Attempt(s) - 0,00%
Red Wings - 2 on 8 Attempt(s) - 25,00%

Penalty Kill

Panthers - 6 on 8 Attempt(s) - 75,00% - Score 0 goal in Penalty Kill
Red Wings - 2 on 2 Attempt(s) - 100,00% - Score 0 goal in Penalty Kill

Game Notes

No Game Note

Finance

Level 1 -- Attendance: 6015 (89,92%) -- Ticket Income 481 200,00 kr
Level 2 -- Attendance: 5244 (94,08%) -- Ticket Income 288 420,00 kr
Level 3 -- Attendance: 2170 (97,31%) -- Ticket Income 65 100,00 kr
Level 4 -- Attendance: 3946 (88,52%) -- Ticket Income 86 812,00 kr
Luxury Box -- Attendance: 945 (84,75%) -- Ticket Income 151 200,00 kr
Game was played at the Joe Louis Arena
Total Attendance: 18320 (91,30%)
Total Ticket Income: 1 127 436,00 kr
Other Income: 439 415,40 kr
Total Income: 1 566 851,00 kr


Team Lines

Panthers

5 vs 5
   Center                   Left Wing                Right Wing               Defense                  Defense                  
 1 Jonathan Toews           Alexander Ovechkin       Mark Recchi              Ryan Suter               Marc Methot              
 2 Mike Modano              David Booth              Peter Mueller            Fedor Tyutin             Roman Polak              
 3 Jarret Stoll             Matt Cooke               Michael Ryder            David Hale               Brooks Orpik             
 4 Nate Thompson            Jarkko Ruutu             Byron Bitz               Ryan Suter               Fedor Tyutin             

Power Play
   Center                   Left Wing                Right Wing               Defense                  Defense                  
 1 Jonathan Toews           David Booth              Peter Mueller            Alexander Ovechkin       Ryan Suter               
 2 Mike Modano              Matt Cooke               Mark Recchi              Fedor Tyutin             Roman Polak              

Penalty Kill - 4 Players
   Center                   Wing                     Defense                  Defense                  
 1 Jarret Stoll             Matt Cooke               Brooks Orpik             Fedor Tyutin             
 2 Nate Thompson            Jarkko Ruutu             Roman Polak              Marc Methot              

4 vs 4
   Center                   Wing                     Defense                  Defense                  
 1 Jonathan Toews           Alexander Ovechkin       Brooks Orpik             Fedor Tyutin             
 2 Mike Modano              David Booth              Ryan Suter               Marc Methot              

Penalty Kill - 3 Players
   Forward                  Defense                  Defense                  
 1 Jarret Stoll             Brooks Orpik             Fedor Tyutin             
 2 Jonathan Toews           Ryan Suter               Marc Methot              

Goaltenders
Starting : Roberto Luongo           
Backup : Andrew Raycroft          

Extra Forwards
Alexander Ovechkin, Peter Mueller, David Booth, Jonathan Toews, Mark Recchi
Extra Defensemen
Brooks Orpik, Fedor Tyutin, Ryan Suter, Marc Methot, Roman Polak
Penalty Shots
Alexander Ovechkin, Peter Mueller, David Booth, Jonathan Toews, Mark Recchi
Coach Strategy
Physical Style: 0 - Defense Style: 1 - Offense Style: 4

Red Wings

5 vs 5
   Center                   Left Wing                Right Wing               Defense                  Defense                  
 1 Joe Pavelski             Ray Whitney              Phil Kessel              Paul Martin              John Oduya               
 2 Matt Duchene             Milan Michalek           Nikolai Zherdev          John-Michael Liles       Robyn Regehr             
 3 Kyle Wellwood            Jamie Benn               Steve Downie             Erik Johnson             Mike Komisarek           
 4 John Madden              Milan Michalek           Stéphane Veilleux        Mathieu Schneider        Paul Martin              

Power Play
   Center                   Left Wing                Right Wing               Defense                  Defense                  
 1 Matt Duchene             Milan Michalek           Phil Kessel              John-Michael Liles       Erik Johnson             
 2 Joe Pavelski             Jamie Benn               Nikolai Zherdev          Paul Martin              Mathieu Schneider        

Penalty Kill - 4 Players
   Center                   Wing                     Defense                  Defense                  
 1 John Madden              Stéphane Veilleux        Robyn Regehr             John Oduya               
 2 Joe Pavelski             Milan Michalek           Paul Martin              Mike Komisarek           

4 vs 4
   Center                   Wing                     Defense                  Defense                  
 1 Matt Duchene             Phil Kessel              John-Michael Liles       Erik Johnson             
 2 Joe Pavelski             Milan Michalek           Paul Martin              Mathieu Schneider        

Penalty Kill - 3 Players
   Forward                  Defense                  Defense                  
 1 John Madden              Robyn Regehr             John Oduya               
 2 Joe Pavelski             Paul Martin              Mike Komisarek           

Goaltenders
Starting : Craig Andersson          
Backup : Henrik Karlsson          

Extra Forwards
Milan Michalek, Joe Pavelski, Phil Kessel, Matt Duchene, Ray Whitney
Extra Defensemen
Paul Martin, Erik Johnson, John Oduya, Robyn Regehr, John-Michael Liles
Penalty Shots
Phil Kessel, Matt Duchene, Joe Pavelski, Milan Michalek, Nikolai Zherdev
Coach Strategy
Physical Style: 0 - Defense Style: 2 - Offense Style: 3

Play by Play

Period #1

0:01 of 1st period - Joe Pavelski wins face-off versus Jonathan Toews in neutral zone.
0:18 of 1st period - Shot by Joe Pavelski.
0:18 of 1st period - Stopped by Roberto Luongo without a rebound.
0:19 of 1st period - Mike Modano wins face-off versus Milan Michalek in Panthers zone.
0:58 of 1st period - Icing by Roman Polak.
0:59 of 1st period - Mike Modano wins face-off versus Ray Whitney in Panthers zone.
1:31 of 1st period - Ray Whitney is hit by Roman Polak and loses puck.
1:35 of 1st period - Phil Kessel is hit by Fedor Tyutin and loses puck.
3:10 of 1st period - Shot by Matt Duchene.
3:10 of 1st period - Shot Misses the Net.
3:12 of 1st period - Shot by Milan Michalek.
3:12 of 1st period - Stopped by Roberto Luongo with a rebound.
3:16 of 1st period - Shot by Nikolai Zherdev.
3:16 of 1st period - Shot Blocked by Ryan Suter.
3:45 of 1st period - Icing by Brooks Orpik.
3:46 of 1st period - John Madden wins face-off versus Jarret Stoll in Panthers zone.
3:46 of 1st period - John Madden is hit by Brooks Orpik.
4:08 of 1st period - Shot by Jarret Stoll.
4:08 of 1st period - Stopped by Craig Andersson without a rebound.
4:09 of 1st period - Nate Thompson wins face-off versus Steve Downie in Red Wings zone.
4:22 of 1st period - Shot by Steve Downie.
4:22 of 1st period - Stopped by Roberto Luongo without a rebound.
4:23 of 1st period - Joe Pavelski wins face-off versus Nate Thompson in Panthers zone.
4:26 of 1st period - Shot by Phil Kessel.
4:26 of 1st period - Shot Misses the Net.
4:33 of 1st period - Jarkko Ruutu is hit by Paul Martin and loses puck.
4:40 of 1st period - Shot by Nate Thompson.
4:40 of 1st period - Shot Misses the Net.
4:47 of 1st period - Off-side.
4:48 of 1st period - Jarret Stoll wins face-off versus Kyle Wellwood in neutral zone.
4:55 of 1st period - Shot by Michael Ryder.
4:55 of 1st period - Stopped by Craig Andersson without a rebound.
4:56 of 1st period - Matt Duchene wins face-off versus Jonathan Toews in Red Wings zone.
5:03 of 1st period - Shot by Nikolai Zherdev.
5:03 of 1st period - Shot Blocked by Marc Methot.
5:19 of 1st period - Shot by Mark Recchi.
5:19 of 1st period - Shot Blocked by Robyn Regehr.
5:27 of 1st period - Robyn Regehr is hit by Alexander Ovechkin and loses puck.
6:03 of 1st period - Shot by Jamie Benn.
6:03 of 1st period - Shot Misses the Net.
6:40 of 1st period - Off-side.
6:41 of 1st period - Joe Pavelski wins face-off versus Mike Modano in neutral zone.
7:22 of 1st period - Shot by Peter Mueller.
7:22 of 1st period - Stopped by Craig Andersson without a rebound.
7:23 of 1st period - John Madden wins face-off versus Jonathan Toews in Red Wings zone.
7:32 of 1st period - Shot by Milan Michalek.
7:32 of 1st period - Shot Misses the Net.
7:36 of 1st period - Shot by Milan Michalek.
7:36 of 1st period - Stopped by Roberto Luongo without a rebound.
7:37 of 1st period - Matt Duchene wins face-off versus Jarkko Ruutu in Panthers zone.
7:40 of 1st period - Shot by John-Michael Liles.
7:40 of 1st period - Stopped by Roberto Luongo without a rebound.
7:41 of 1st period - Kyle Wellwood wins face-off versus Jarkko Ruutu in Panthers zone.
9:07 of 1st period - Icing by John-Michael Liles.
9:08 of 1st period - Jonathan Toews wins face-off versus Matt Duchene in Red Wings zone.
9:11 of 1st period - Shot by Alexander Ovechkin.
9:11 of 1st period - Stopped by Craig Andersson without a rebound.
9:12 of 1st period - Jonathan Toews wins face-off versus Joe Pavelski in Red Wings zone.
9:30 of 1st period - Paul Martin is hit by Brooks Orpik and loses puck.
9:33 of 1st period - Shot by John Oduya.
9:33 of 1st period - Shot Blocked by Marc Methot.
9:37 of 1st period - Shot by Ray Whitney.
9:37 of 1st period - Shot Misses the Net.
9:42 of 1st period - Minor Penalty to Marc Methot for Interference.
9:43 of 1st period - Joe Pavelski wins face-off versus Nate Thompson in Panthers zone.
9:58 of 1st period - Shot by Paul Martin.
9:58 of 1st period - Shot Misses the Net.
11:25 of 1st period - Shot by John Oduya.
11:25 of 1st period - Shot Blocked by Ryan Suter.
11:35 of 1st period - David Booth is hit by Jamie Benn and loses puck.
12:20 of 1st period - Marc Methot is hit by Steve Downie.
12:45 of 1st period - Minor Penalty to Roman Polak for Tripping.
12:46 of 1st period - Jarret Stoll wins face-off versus Joe Pavelski in Panthers zone.
13:33 of 1st period - Shot by Matt Duchene.
13:33 of 1st period - Deflect By Milan Michalek.
13:33 of 1st period - Goal by Milan Michalek - Panthers : 0 - Red Wings : 1.
13:34 of 1st period - Mike Modano wins face-off versus Matt Duchene in neutral zone.
14:00 of 1st period - Minor Penalty to Roman Polak for Interference.
14:01 of 1st period - Matt Duchene wins face-off versus Nate Thompson in Panthers zone.
14:26 of 1st period - Shot by John-Michael Liles.
14:26 of 1st period - Shot Misses the Net.
14:28 of 1st period - Shot by Milan Michalek.
14:28 of 1st period - Deflect By Matt Duchene.
14:28 of 1st period - Shot Hit the Post.
14:30 of 1st period - Shot by Milan Michalek.
14:30 of 1st period - Shot Blocked by Brooks Orpik.
14:45 of 1st period - Icing by Jamie Benn.
14:46 of 1st period - Jarret Stoll wins face-off versus Joe Pavelski in Red Wings zone.
15:20 of 1st period - Shot by Phil Kessel.
15:20 of 1st period - Shot Misses the Net.
16:06 of 1st period - Off-side.
16:07 of 1st period - John Madden wins face-off versus Mike Modano in neutral zone.
17:11 of 1st period - Shot by Jonathan Toews.
17:11 of 1st period - Deflect By Alexander Ovechkin.
17:11 of 1st period - Stopped by Craig Andersson without a rebound.
17:12 of 1st period - Matt Duchene wins face-off versus Jarret Stoll in Red Wings zone.
18:16 of 1st period - Shot by Jonathan Toews.
18:16 of 1st period - Deflect By Alexander Ovechkin.
18:16 of 1st period - Shot Misses the Net.
18:18 of 1st period - Shot by Marc Methot.
18:18 of 1st period - Stopped by Craig Andersson without a rebound.
18:19 of 1st period - Kyle Wellwood wins face-off versus Mike Modano in Red Wings zone.
18:36 of 1st period - Shot by Jamie Benn.
18:36 of 1st period - Shot Misses the Net.
18:45 of 1st period - Minor Penalty to Roman Polak for Hooking.
18:46 of 1st period - Joe Pavelski wins face-off versus Nate Thompson in Panthers zone.
18:47 of 1st period - Shot by Paul Martin.
18:47 of 1st period - Stopped by Roberto Luongo with a rebound.
18:49 of 1st period - Shot by Joe Pavelski.
18:49 of 1st period - Stopped by Roberto Luongo without a rebound.
18:50 of 1st period - Nate Thompson wins face-off versus Joe Pavelski in Panthers zone.
19:02 of 1st period - Joe Pavelski is hit by Brooks Orpik and loses puck.

Period #2

0:01 of 2nd period - Jarret Stoll wins face-off versus Matt Duchene in neutral zone.
0:38 of 2nd period - Matt Cooke is hit by Milan Michalek and loses puck.
1:16 of 2nd period - Shot by Jonathan Toews.
1:16 of 2nd period - Deflect By Alexander Ovechkin.
1:16 of 2nd period - Shot Blocked by Mike Komisarek.
1:42 of 2nd period - Shot by David Booth.
1:42 of 2nd period - Stopped by Craig Andersson without a rebound.
1:43 of 2nd period - Jarret Stoll wins face-off versus Matt Duchene in Red Wings zone.
1:50 of 2nd period - Shot by Michael Ryder.
1:50 of 2nd period - Deflect By Matt Cooke.
1:50 of 2nd period - Stopped by Craig Andersson without a rebound.
1:51 of 2nd period - Mike Modano wins face-off versus Joe Pavelski in Red Wings zone.
2:56 of 2nd period - Shot by Matt Duchene.
2:56 of 2nd period - Deflect By Nikolai Zherdev.
2:56 of 2nd period - Shot Misses the Net.
3:03 of 2nd period - Matt Duchene is hit by Brooks Orpik and loses puck.
3:11 of 2nd period - Icing by Brooks Orpik.
3:12 of 2nd period - Kyle Wellwood wins face-off versus Jarret Stoll in Panthers zone.
3:17 of 2nd period - Shot by Steve Downie.
3:17 of 2nd period - Shot Misses the Net.
3:19 of 2nd period - Shot by Mike Komisarek.
3:19 of 2nd period - Stopped by Roberto Luongo without a rebound.
3:19 of 2nd period - Minor Penalty to Brooks Orpik for Hooking.
3:20 of 2nd period - Joe Pavelski wins face-off versus Nate Thompson in Panthers zone.
3:31 of 2nd period - Shot by Nikolai Zherdev.
3:31 of 2nd period - Shot Misses the Net.
3:33 of 2nd period - Shot by Joe Pavelski.
3:33 of 2nd period - Stopped by Roberto Luongo without a rebound.
3:34 of 2nd period - Matt Duchene wins face-off versus Nate Thompson in Panthers zone.
3:52 of 2nd period - Phil Kessel is hit by Marc Methot and loses puck.
5:00 of 2nd period - Shot by Erik Johnson.
5:00 of 2nd period - Stopped by Roberto Luongo without a rebound.
5:01 of 2nd period - Phil Kessel wins face-off versus Jarret Stoll in Panthers zone.
5:35 of 2nd period - Shot by Alexander Ovechkin.
5:35 of 2nd period - Stopped by Craig Andersson with a rebound.
5:50 of 2nd period - Icing by Marc Methot.
5:51 of 2nd period - Jonathan Toews wins face-off versus John Madden in Panthers zone.
5:51 of 2nd period - Jonathan Toews is hit by Milan Michalek.
6:32 of 2nd period - Shot by Mike Modano.
6:32 of 2nd period - Stopped by Craig Andersson without a rebound.
6:33 of 2nd period - Matt Cooke wins face-off versus Kyle Wellwood in Red Wings zone.
6:50 of 2nd period - Shot by Erik Johnson.
6:50 of 2nd period - Shot Blocked by David Hale.
6:54 of 2nd period - Shot by Jamie Benn.
6:54 of 2nd period - Stopped by Roberto Luongo without a rebound.
6:55 of 2nd period - Nate Thompson wins face-off versus Matt Duchene in Panthers zone.
6:55 of 2nd period - Nate Thompson is hit by Milan Michalek.
7:15 of 2nd period - Shot by Byron Bitz.
7:15 of 2nd period - Stopped by Craig Andersson with a rebound.
7:19 of 2nd period - Shot by Jarkko Ruutu.
7:19 of 2nd period - Shot Misses the Net.
7:23 of 2nd period - Shot by Jarkko Ruutu.
7:23 of 2nd period - Stopped by Craig Andersson without a rebound.
7:24 of 2nd period - Jarret Stoll wins face-off versus Joe Pavelski in Red Wings zone.
7:58 of 2nd period - Shot by Michael Ryder.
7:58 of 2nd period - Deflect By Jarret Stoll.
7:58 of 2nd period - Stopped by Craig Andersson without a rebound.
7:59 of 2nd period - Kyle Wellwood wins face-off versus Mike Modano in Red Wings zone.
7:59 of 2nd period - Kyle Wellwood is hit by Peter Mueller.
8:50 of 2nd period - Minor Penalty to Alexander Ovechkin for Holding.
8:51 of 2nd period - Matt Duchene wins face-off versus Nate Thompson in Panthers zone.
9:16 of 2nd period - Shot by John-Michael Liles.
9:16 of 2nd period - Stopped by Roberto Luongo without a rebound.
9:17 of 2nd period - Jarret Stoll wins face-off versus Joe Pavelski in Panthers zone.
9:34 of 2nd period - Shot by Paul Martin.
9:34 of 2nd period - Shot Misses the Net.
10:18 of 2nd period - Icing by Matt Duchene.
10:19 of 2nd period - Jarret Stoll wins face-off versus Milan Michalek in Red Wings zone.
10:19 of 2nd period - Jarret Stoll is hit by Erik Johnson.
11:03 of 2nd period - Shot by Steve Downie.
11:03 of 2nd period - Stopped by Roberto Luongo without a rebound.
11:04 of 2nd period - Mike Modano wins face-off versus John Madden in Panthers zone.
11:04 of 2nd period - Mike Modano is hit by Stéphane Veilleux.
11:15 of 2nd period - Shot by Peter Mueller.
11:15 of 2nd period - Stopped by Craig Andersson without a rebound.
11:16 of 2nd period - Jonathan Toews wins face-off versus Kyle Wellwood in Red Wings zone.
11:41 of 2nd period - Shot by Alexander Ovechkin.
11:41 of 2nd period - Shot Misses the Net.
12:13 of 2nd period - Icing by Erik Johnson.
12:14 of 2nd period - Jarret Stoll wins face-off versus Kyle Wellwood in Red Wings zone.
12:15 of 2nd period - Shot by Michael Ryder.
12:15 of 2nd period - Stopped by Craig Andersson with a rebound.
12:17 of 2nd period - Shot by Jarret Stoll.
12:17 of 2nd period - Shot Misses the Net.
12:47 of 2nd period - Shot by Matt Cooke.
12:47 of 2nd period - Stopped by Craig Andersson without a rebound.
12:48 of 2nd period - Phil Kessel wins face-off versus Mike Modano in Red Wings zone.
12:55 of 2nd period - Shot by David Booth.
12:55 of 2nd period - Goal by David Booth - Panthers : 1 - Red Wings : 1.
12:56 of 2nd period - Mike Modano wins face-off versus Nikolai Zherdev in neutral zone.
13:03 of 2nd period - Shot by David Booth.
13:03 of 2nd period - Shot Misses the Net.
13:07 of 2nd period - Shot by David Booth.
13:07 of 2nd period - Stopped by Craig Andersson without a rebound.
13:08 of 2nd period - Joe Pavelski wins face-off versus Nate Thompson in Red Wings zone.
13:31 of 2nd period - Ryan Suter is hit by John Oduya and loses puck.
14:51 of 2nd period - Shot by Jarret Stoll.
14:51 of 2nd period - Stopped by Craig Andersson without a rebound.
14:52 of 2nd period - Mike Modano wins face-off versus John Madden in Red Wings zone.
15:07 of 2nd period - Shot by Jamie Benn.
15:07 of 2nd period - Shot Misses the Net.
15:33 of 2nd period - Shot by Phil Kessel.
15:33 of 2nd period - Shot Hit the Post.
15:39 of 2nd period - Shot by Phil Kessel.
15:39 of 2nd period - Shot Blocked by Marc Methot.
15:55 of 2nd period - Shot by Ray Whitney.
15:55 of 2nd period - Stopped by Roberto Luongo without a rebound.
15:56 of 2nd period - Kyle Wellwood wins face-off versus Jarret Stoll in Panthers zone.
16:43 of 2nd period - Icing by Erik Johnson.
16:44 of 2nd period - Nate Thompson wins face-off versus Kyle Wellwood in Red Wings zone.
16:50 of 2nd period - Minor Penalty to Jarkko Ruutu for Hooking.
16:51 of 2nd period - Joe Pavelski wins face-off versus Nate Thompson in Panthers zone.
17:08 of 2nd period - Shot by Joe Pavelski.
17:08 of 2nd period - Shot Misses the Net.
17:10 of 2nd period - Shot by Mathieu Schneider.
17:10 of 2nd period - Stopped by Roberto Luongo without a rebound.
17:11 of 2nd period - Matt Duchene wins face-off versus Jarret Stoll in Panthers zone.
17:11 of 2nd period - Joe Pavelski is hit by Brooks Orpik and loses puck.
17:20 of 2nd period - Shot by Phil Kessel.
17:20 of 2nd period - Stopped by Roberto Luongo with a rebound.
17:22 of 2nd period - Shot by Joe Pavelski.
17:22 of 2nd period - Stopped by Roberto Luongo without a rebound.
17:23 of 2nd period - Matt Duchene wins face-off versus Jarret Stoll in Panthers zone.
17:26 of 2nd period - Shot by Phil Kessel.
17:26 of 2nd period - Shot Misses the Net.
17:28 of 2nd period - Shot by Matt Duchene.
17:28 of 2nd period - Goal by Matt Duchene - Panthers : 1 - Red Wings : 2.
17:29 of 2nd period - Jonathan Toews wins face-off versus Joe Pavelski in neutral zone.
18:00 of 2nd period - Shot by Alexander Ovechkin.
18:00 of 2nd period - Shot Blocked by John Oduya.
18:02 of 2nd period - Shot by Jonathan Toews.
18:02 of 2nd period - Stopped by Craig Andersson with a rebound.
18:06 of 2nd period - Shot by Mark Recchi.
18:06 of 2nd period - Shot Misses the Net.
18:24 of 2nd period - Shot by Peter Mueller.
18:24 of 2nd period - Shot Misses the Net.
18:36 of 2nd period - Shot by Peter Mueller.
18:36 of 2nd period - Shot Misses the Net.
18:38 of 2nd period - Shot by Fedor Tyutin.
18:38 of 2nd period - Stopped by Craig Andersson without a rebound.
18:39 of 2nd period - Jarret Stoll wins face-off versus Nikolai Zherdev in Red Wings zone.
18:45 of 2nd period - Icing by Matt Duchene.
18:46 of 2nd period - Jarret Stoll wins face-off versus Matt Duchene in Red Wings zone.

Period #3

0:01 of 3rd period - Ray Whitney wins face-off versus Jonathan Toews in neutral zone.
0:04 of 3rd period - Shot by Joe Pavelski.
0:04 of 3rd period - Shot Blocked by Mark Recchi.
0:06 of 3rd period - Shot by Joe Pavelski.
0:06 of 3rd period - Stopped by Roberto Luongo without a rebound.
0:07 of 3rd period - Mike Modano wins face-off versus Matt Duchene in Panthers zone.
0:32 of 3rd period - Shot by David Booth.
0:32 of 3rd period - Stopped by Craig Andersson with a rebound.
1:13 of 3rd period - Ray Whitney is hit by Marc Methot.
1:28 of 3rd period - Phil Kessel is hit by Marc Methot.
1:34 of 3rd period - Shot by Joe Pavelski.
1:34 of 3rd period - Stopped by Roberto Luongo without a rebound.
1:35 of 3rd period - Jarret Stoll wins face-off versus Kyle Wellwood in Panthers zone.
1:44 of 3rd period - Shot by Michael Ryder.
1:44 of 3rd period - Stopped by Craig Andersson without a rebound.
1:45 of 3rd period - Kyle Wellwood wins face-off versus Jarret Stoll in Red Wings zone.
1:45 of 3rd period - Erik Johnson is hit by Matt Cooke and loses puck.
2:51 of 3rd period - Shot by Mike Modano.
2:51 of 3rd period - Stopped by Craig Andersson without a rebound.
2:52 of 3rd period - Jonathan Toews wins face-off versus Matt Duchene in Red Wings zone.
3:01 of 3rd period - Shot by Alexander Ovechkin.
3:01 of 3rd period - Deflect By Jonathan Toews.
3:01 of 3rd period - Stopped by Craig Andersson without a rebound.
3:02 of 3rd period - Nate Thompson wins face-off versus John Madden in Red Wings zone.
3:35 of 3rd period - Shot by Mathieu Schneider.
3:35 of 3rd period - Stopped by Roberto Luongo with a rebound.
4:32 of 3rd period - Shot by Jamie Benn.
4:32 of 3rd period - Stopped by Roberto Luongo with a rebound.
4:38 of 3rd period - Shot by Steve Downie.
4:38 of 3rd period - Shot Misses the Net.
5:52 of 3rd period - Mike Modano is hit by Paul Martin and loses puck.
5:57 of 3rd period - Shot by David Booth.
5:57 of 3rd period - Goal by David Booth - Panthers : 2 - Red Wings : 2.
5:58 of 3rd period - Kyle Wellwood wins face-off versus Nate Thompson in neutral zone.
6:24 of 3rd period - Minor Penalty to Mike Komisarek for Interference.
6:25 of 3rd period - John Madden wins face-off versus Jonathan Toews in Red Wings zone.
6:39 of 3rd period - Ryan Suter is hit by Robyn Regehr and loses puck.
6:53 of 3rd period - Alexander Ovechkin is hit by John Oduya and loses puck.
8:41 of 3rd period - Shot by Jarret Stoll.
8:41 of 3rd period - Stopped by Craig Andersson with a rebound.
8:43 of 3rd period - Shot by Michael Ryder.
8:43 of 3rd period - Shot Misses the Net.
8:45 of 3rd period - Shot by Brooks Orpik.
8:45 of 3rd period - Stopped by Craig Andersson without a rebound.
8:46 of 3rd period - Nate Thompson wins face-off versus Matt Duchene in Red Wings zone.
9:05 of 3rd period - Shot by Matt Duchene.
9:05 of 3rd period - Stopped by Roberto Luongo without a rebound.
9:06 of 3rd period - Jonathan Toews wins face-off versus Kyle Wellwood in Panthers zone.
9:25 of 3rd period - Shot by Ryan Suter.
9:25 of 3rd period - Shot Misses the Net.
10:08 of 3rd period - Shot by David Booth.
10:08 of 3rd period - Shot Misses the Net.
10:37 of 3rd period - Icing by Fedor Tyutin.
10:38 of 3rd period - Matt Duchene wins face-off versus Mike Modano in Panthers zone.
12:57 of 3rd period - Shot by John Madden.
12:57 of 3rd period - Stopped by Roberto Luongo without a rebound.
12:58 of 3rd period - Nate Thompson wins face-off versus Matt Duchene in Panthers zone.
13:03 of 3rd period - John-Michael Liles is hit by Jarkko Ruutu and loses puck.
13:16 of 3rd period - Shot by Nikolai Zherdev.
13:16 of 3rd period - Stopped by Roberto Luongo without a rebound.
13:17 of 3rd period - Jonathan Toews wins face-off versus Kyle Wellwood in Panthers zone.
13:22 of 3rd period - Mike Komisarek is hit by Alexander Ovechkin and loses puck.
14:10 of 3rd period - Byron Bitz is hit by Robyn Regehr and loses puck.
14:13 of 3rd period - Shot by Brooks Orpik.
14:13 of 3rd period - Shot Blocked by Robyn Regehr.
14:14 of 3rd period - Minor Penalty to John-Michael Liles for Tripping.
14:15 of 3rd period - Mike Modano wins face-off versus John Madden in Red Wings zone.
14:43 of 3rd period - Shot by Brooks Orpik.
14:43 of 3rd period - Deflect By Mark Recchi.
14:43 of 3rd period - Stopped by Craig Andersson with a rebound.
15:13 of 3rd period - Shot by Alexander Ovechkin.
15:13 of 3rd period - Stopped by Craig Andersson without a rebound.
15:14 of 3rd period - John Madden wins face-off versus Jonathan Toews in Red Wings zone.
15:14 of 3rd period - John Madden is hit by Jonathan Toews.
16:15 of 3rd period - Icing by Matt Cooke.
16:16 of 3rd period - Nate Thompson wins face-off versus Matt Duchene in Panthers zone.
16:25 of 3rd period - Icing by Robyn Regehr.
16:26 of 3rd period - Matt Duchene wins face-off versus Nate Thompson in Red Wings zone.
16:26 of 3rd period - Matt Duchene is hit by Nate Thompson.
16:52 of 3rd period - Robyn Regehr is hit by David Booth and loses puck.
17:07 of 3rd period - Mark Recchi is hit by Matt Duchene.
17:30 of 3rd period - Minor Penalty to Marc Methot for Holding.
17:31 of 3rd period - Joe Pavelski wins face-off versus Jarret Stoll in Panthers zone.
17:42 of 3rd period - Shot by Paul Martin.
17:42 of 3rd period - Stopped by Roberto Luongo without a rebound.
17:43 of 3rd period - Jarret Stoll wins face-off versus Joe Pavelski in Panthers zone.
18:04 of 3rd period - Shot by Paul Martin.
18:04 of 3rd period - Stopped by Roberto Luongo without a rebound.
18:05 of 3rd period - Matt Duchene wins face-off versus Jarret Stoll in Panthers zone.
18:40 of 3rd period - Matt Cooke is hit by Phil Kessel and loses puck.
19:10 of 3rd period - Shot by Mathieu Schneider.
19:10 of 3rd period - Stopped by Roberto Luongo without a rebound.
19:11 of 3rd period - Nate Thompson wins face-off versus Joe Pavelski in Panthers zone.
19:58 of 3rd period - Shot by David Booth.
19:58 of 3rd period - Shot Blocked by Erik Johnson.

Overtime #1

0:01 of 1st overtime period - Jonathan Toews wins face-off versus Matt Duchene in neutral zone.
0:08 of 1st overtime period - Shot by Jonathan Toews.
0:08 of 1st overtime period - Shot Blocked by John-Michael Liles.
0:18 of 1st overtime period - Shot by Matt Duchene.
0:18 of 1st overtime period - Stopped by Roberto Luongo without a rebound.
0:19 of 1st overtime period - Joe Pavelski wins face-off versus Mike Modano in Panthers zone.
0:26 of 1st overtime period - Shot by Paul Martin.
0:26 of 1st overtime period - Shot Blocked by Marc Methot.
0:28 of 1st overtime period - Shot by Paul Martin.
0:28 of 1st overtime period - Shot Blocked by Marc Methot.
0:32 of 1st overtime period - Shot by Milan Michalek.
0:32 of 1st overtime period - Shot Misses the Net.
1:09 of 1st overtime period - Icing by Paul Martin.
1:10 of 1st overtime period - Joe Pavelski wins face-off versus Jonathan Toews in Red Wings zone.
1:10 of 1st overtime period - Joe Pavelski is hit by Alexander Ovechkin.
1:13 of 1st overtime period - Paul Martin is hit by Alexander Ovechkin and loses puck.
1:30 of 1st overtime period - Shot by Alexander Ovechkin.
1:30 of 1st overtime period - Deflect By Jonathan Toews.
1:30 of 1st overtime period - Stopped by Craig Andersson without a rebound.
1:31 of 1st overtime period - Matt Duchene wins face-off versus Jonathan Toews in Red Wings zone.
2:10 of 1st overtime period - Shot by Matt Duchene.
2:10 of 1st overtime period - Stopped by Roberto Luongo without a rebound.
2:11 of 1st overtime period - Matt Duchene wins face-off versus Mike Modano in Panthers zone.
2:19 of 1st overtime period - Icing by Marc Methot.
2:20 of 1st overtime period - Joe Pavelski wins face-off versus Mike Modano in Panthers zone.
2:25 of 1st overtime period - Shot by Joe Pavelski.
2:25 of 1st overtime period - Stopped by Roberto Luongo without a rebound.
2:26 of 1st overtime period - Mike Modano wins face-off versus Matt Duchene in Panthers zone.
2:37 of 1st overtime period - Shot by John-Michael Liles.
2:37 of 1st overtime period - Shot Misses the Net.
2:39 of 1st overtime period - Shot by Matt Duchene.
2:39 of 1st overtime period - Deflect By Phil Kessel.
2:39 of 1st overtime period - Stopped by Roberto Luongo without a rebound.
2:40 of 1st overtime period - Joe Pavelski wins face-off versus Mike Modano in Panthers zone.
2:52 of 1st overtime period - Icing by Ryan Suter.
2:53 of 1st overtime period - Matt Duchene wins face-off versus Mike Modano in Panthers zone.
3:02 of 1st overtime period - Shot by Phil Kessel.
3:02 of 1st overtime period - Stopped by Roberto Luongo without a rebound.
3:03 of 1st overtime period - Jonathan Toews wins face-off versus Milan Michalek in Panthers zone.
3:12 of 1st overtime period - Shot by Alexander Ovechkin.
3:12 of 1st overtime period - Stopped by Craig Andersson without a rebound.
3:13 of 1st overtime period - Matt Duchene wins face-off versus Jonathan Toews in Red Wings zone.
3:15 of 1st overtime period - Icing by Phil Kessel.
3:16 of 1st overtime period - Matt Duchene wins face-off versus Jonathan Toews in Red Wings zone.
3:31 of 1st overtime period - Shot by Matt Duchene.
3:31 of 1st overtime period - Shot Misses the Net.
4:04 of 1st overtime period - Joe Pavelski is hit by Ryan Suter and loses puck.
4:41 of 1st overtime period - Icing by Mathieu Schneider.
4:42 of 1st overtime period - Jonathan Toews wins face-off versus Joe Pavelski in Red Wings zone.
4:49 of 1st overtime period - Shot by Jonathan Toews.
4:49 of 1st overtime period - Stopped by Craig Andersson without a rebound.
4:50 of 1st overtime period - Jonathan Toews wins face-off versus Matt Duchene in Red Wings zone.

ShootOut

ShootOut - Penalty Shot by Alexander Ovechkin for Panthers.
ShootOut - Shot Misses the Net.
ShootOut - Penalty Shot by Phil Kessel for Red Wings.
ShootOut - Shot Misses the Net.
ShootOut - Penalty Shot by Peter Mueller for Panthers.
ShootOut - Stopped by Craig Andersson.
ShootOut - Penalty Shot by Matt Duchene for Red Wings.
ShootOut - Stopped by Roberto Luongo.
ShootOut - Penalty Shot by David Booth for Panthers.
ShootOut - Shot Misses the Net.
ShootOut - Penalty Shot by Joe Pavelski for Red Wings.
ShootOut - Stopped by Roberto Luongo.
ShootOut - Penalty Shot by Jonathan Toews for Panthers.
ShootOut - Stopped by Craig Andersson.
ShootOut - Penalty Shot by Milan Michalek for Red Wings.
ShootOut - Shot Misses the Net.
ShootOut - Penalty Shot by Mark Recchi for Panthers.
ShootOut - Stopped by Craig Andersson.
ShootOut - Penalty Shot by Nikolai Zherdev for Red Wings.
ShootOut - Shot Misses the Net.
ShootOut - Penalty Shot by Michael Ryder for Panthers.
ShootOut - Shot Misses the Net.
ShootOut - Penalty Shot by Jamie Benn for Red Wings.
ShootOut - Stopped by Roberto Luongo.
ShootOut - Penalty Shot by Mike Modano for Panthers.
ShootOut - Stopped by Craig Andersson.
ShootOut - Penalty Shot by Steve Downie for Red Wings.
ShootOut - Goal by Steve Downie.


Output by the SimonT Hockey Simulator (STHS) for Mathias Vaigur -- Original Page W3C XHTML 1.0 Valid